 Dungeon Crawl Stone Soup version 0.23-a0-650-ga4d50d4 (webtiles) character file.

8772 George the Carver (level 11, -10/92 HPs)
             Began as a Minotaur Fighter on Jan 5, 2019.
             Was a Believer of the Shining One.
             Mangled by a death yak (26 damage)
             ... on level 11 of the Dungeon.
             The game lasted 00:17:16 (12300 turns).

George the Carver (Minotaur Fighter)               Turns: 12300, Time: 00:17:17

Health: -10/92     AC:  9    Str: 31    XL:     11   Next: 14%
Magic:  13/13      EV: 14    Int:  5    God:    the Shining One [**....]
Gold:   606        SH: 20    Dex: 14    Spells: 10/10 levels left

rFire    . . .     SeeInvis .   a - +0 long sword
rCold    . . .     Gourm    .   c - +0 shield
rNeg     + . .     Faith    .   r - +0 ring mail of the Disturbing Lies {MR+ Str+2 Dex+4 Slay+2} (curse)
rPois    +         Spirit   .   (helmet restricted)
rElec    .         Reflect  .   s - +0 cloak {rPois}
rCorr    .         Harm     .   z - +0 pair of gloves
MR       +....                  (no boots)
Stlth    ..........             (no amulet)
HPRegen  0.25/turn              q - ring of attention (curse)
MPRegen  0.13/turn              n - +1 ring of evasion

@: mighty, divine shield, glowing
A: retaliatory headbutt, horns 2
a: Divine Shield, Renounce Religion


You were on level 11 of the Dungeon.
You worshipped the Shining One.
The Shining One was pleased with you.
You were hungry.

You visited 2 branches of the dungeon, and saw 12 of its levels.

You collected 710 gold pieces.
You spent 104 gold pieces at shops.

Inventory:

Hand Weapons
 a - a +0 long sword (weapon)
 t - the +4 dagger of George's Certain Death {pierce, rPois Int+4, unknown}
   (You found it on level 6 of the Dungeon)

   It inflicts extra damage upon your enemies.
   It affects your intelligence (+4).
   It protects you from poison.
 D - a +0 short sword of speed
Armour
 c - a +0 shield (worn)
 g - a +0 large shield
 h - a +0 plate armour
 r - the cursed +0 ring mail of the Disturbing Lies (worn) {MR+ Str+2 Dex+4 Slay+2}
   (You found it on level 6 of the Dungeon)

   It affects your strength (+2).
   It affects your dexterity (+4).
   It affects your accuracy and damage with ranged weapons and melee attacks
   (+2).
   It affects your resistance to hostile enchantments.
   It has a curse placed upon it.
 s - a +0 cloak of poison resistance (worn)
 z - a +0 pair of gloves (worn)
Jewellery
 n - a +1 ring of evasion (right hand)
 q - a cursed ring of attention (left hand)
Wands
 l - a wand of iceblast (4)
 p - a wand of flame (17)
 x - a wand of disintegration (11)
Scrolls
 b - a scroll of magic mapping
 m - 2 scrolls of blinking
 w - a scroll of teleportation {unknown}
 y - a scroll of enchant armour {unknown}
 B - a scroll of vulnerability {unknown}
 C - a scroll of enchant weapon {unknown}
 E - a scroll of identify
Potions
 d - 3 potions of might
 e - a potion of magic
 i - 2 potions of mutation
 j - 2 potions of haste
 k - 2 potions of heal wounds
 o - a potion of curing
 u - a potion of berserk rage
 v - a potion of flight
 A - a potion of agility
Comestibles
 f - 15 rations


   Skills:
 + Level 7.6 Fighting
 - Level 14.0 Long Blades
 + Level 7.7 Armour
 + Level 6.0 Dodging
 + Level 7.6 Shields
 + Level 5.3 Invocations


You had 10 spell levels left.
You didn't know any spells.
Your spell library contained the following spells:

 Spells                   Type           Power        Failure   Level  Hunger
 Magic Dart               Conj           #...         88%         1    ##.....
 Searing Ray              Conj           #.....       95%         2    ###....
 Dazzling Spray           Conj/Hex       #.....       99%         3    ####...
 Force Lance              Conj/Tloc      #.......     100%        4    #####..
 Fulminant Prism          Conj/Hex       #.........   100%        4    #####..
 Iskenderun's Mystic Bla  Conj           #.......     100%        4    #####..


Dungeon Overview and Level Annotations

Branches:
Dungeon (11/15)            Temple (1/1) D:7             Orc (0/2) D:10
   Lair: D:8-11

Altars:
Ashenzari
Cheibriados
Dithmenos
Elyvilon
Fedhas
Gozag
Hepliaklqana
Kikubaaqudgha
Makhleb
Nemelex Xobeh
Okawaru
Qazlal
Ru
Sif Muna
Trog
Uskayaw
Vehumet
Wu Jian
Xom
Yredelemnul
Zin
The Shining One

Shops:
D:4 [*


Innate Abilities, Weirdness & Mutations

You reflexively headbutt those who attack you in melee.
You have a pair of horns on your head.


Message History

The death yak is lightly wounded.
The death yak gores you!!
* * * LOW HITPOINT WARNING * * *
You slash the death yak! You headbutt the death yak!
The death yak is heavily wounded.
You block the gnoll's attack.
Okay, then.
You feel very mighty all of a sudden. The death yak barely misses you.
You block the gnoll's attack.
You hit the death yak.
The death yak is heavily wounded.
The death yak closely misses you. You furiously retaliate!
You headbutt the death yak!! You block the gnoll's attack.
You slash the death yak!
The death yak is almost dead.
You block the death yak's attack. You block the gnoll's attack.
You hit the death yak. Your headbutt misses the death yak.
The death yak is almost dead.
The death yak gores you!!
You die...

#### ..... .....
.J....####
.Y..o.#..###
......'g...###
#gg....### #
#Y#g.....### #
#@###......### #
#...###......### #
###...###......#+#
##...###......#
..##......##
##......###
##......## #
##......## #
##......## #


You could see a death yak and 3 gnolls.

Vanquished Creatures
  A death yak (D:11)
  A cyclops (D:10)
  A gargoyle (D:10)
  A troll (D:10)
  Grinder (D:5)
  A hippogriff (D:10)
  A wyvern (D:8)
  4 fire bats (D:8)
  4 yaks (D:9)
  A hungry ghost (D:11)
  Duvessa (D:5)
  A hell hound (D:8)
  A water moccasin (D:10)
  4 orc warriors
  2 sky beasts
  2 ice beasts
  3 black bears
  7 ogres
  A necrophage (D:6)
  2 phantoms (D:9)
  5 centaurs
  Blork the orc (D:5)
  7 bullfrogs
  2 big kobolds (D:4)
  2 gnoll sergeants
  Dowan (D:5)
  5 scorpions
  5 howler monkeys (D:9)
  2 lava snakes (D:8)
  4 crimson imps
  A bullfrog zombie (D:6)
  2 quasits
  3 hounds
  A centaur skeleton (D:8)
  4 orc priests
  2 jellies (D:11)
  Crazy Yiuf (D:5)
  An iguana (D:8)
  8 orc wizards
  7 worker ants
  A hound skeleton (D:5)
  Robin (D:3)
  2 worker ant zombies
  18 gnolls
  11 adders
  A shadow imp (D:7)
  2 oozes (D:3)
  2 adder zombies
  2 adder skeletons (D:4)
  2 worms
  A dart slug (D:1)
  7 leopard geckos
  40 orcs
  6 giant cockroaches
  40 goblins
  20 hobgoblins
  10 jackals
  12 kobolds
  6 quokkas
  2 ball pythons
  6 bats
  5 frilled lizards
  A quokka skeleton (D:8)
  6 rats
  2 fire vortices (D:8)
310 creatures vanquished.

Vanquished Creatures (others)
  5 dream sheep (D:6)
  A fire vortex (D:8)
6 creatures vanquished.

Grand Total: 316 creatures vanquished

Notes
Turn   | Place    | Note
-------+----------+-------------------------------------------
     0 | D:1      | George the Minotaur Fighter began the quest for the Orb.
     0 | D:1      | Reached XP level 1. HP: 19/19 MP: 0/0
    19 | D:1      | Reached skill level 3 in Long Blades
    53 | D:1      | Reached XP level 2. HP: 26/26 MP: 1/1
   189 | D:1      | Reached skill level 4 in Long Blades
   548 | D:2      | Reached XP level 3. HP: 31/31 MP: 2/2
   681 | D:2      | Reached skill level 5 in Long Blades
  1042 | D:2      | Reached XP level 4. HP: 35/39 MP: 3/3
  1443 | D:3      | Noticed Robin
  1453 | D:3      | Killed Robin
  1470 | D:3      | Found a stormy altar of Qazlal.
  1555 | D:3      | Reached skill level 6 in Long Blades
  1718 | D:3      | Reached XP level 5. HP: 39/45 MP: 4/4
  1832 | D:3      | Reached skill level 7 in Long Blades
  2163 | D:3      | Found a faded altar of an unknown god.
  2519 | D:4      | Noticed an ogre
  2526 | D:4      | Killed an ogre
  2526 | D:4      | Reached skill level 8 in Long Blades
  2526 | D:4      | Reached XP level 6. HP: 42/51 MP: 5/5
  2732 | D:4      | Found Ysoll's Assorted Antiques.
  2741 | D:4      | Bought a scroll labeled LAUPIT QYALO for 22 gold pieces
  2741 | D:4      | Bought a scroll labeled GAMUSCH FACKEB for 22 gold pieces
  2741 | D:4      | Bought a coppery potion for 19 gold pieces
  2741 | D:4      | Bought a lumpy ruby potion for 19 gold pieces
  2741 | D:4      | Bought a scroll labeled GAMUSCH FACKEB for 22 gold pieces
  2746 | D:4      | Found Piveq's Food Emporium.
  2967 | D:4      | Found Ciggen's Armour Boutique.
  3062 | D:4      | Reached skill level 9 in Long Blades
  3367 | D:4      | Found a shattered altar of Ashenzari.
  3368 | D:4      | Found a radiant altar of Vehumet.
  3373 | D:4      | Found an ornate altar of the Wu Jian Council.
  3617 | D:4      | Found a basalt altar of Yredelemnul.
  3669 | D:4      | Found a white marble altar of Elyvilon.
  3893 | D:4      | Reached XP level 7. HP: 56/57 MP: 6/6
  4267 | D:4      | Reached skill level 10 in Long Blades
  4623 | D:5      | Entered Level 5 of the Dungeon
  4623 | D:5      | Noticed Blork the orc
  4641 | D:5      | Killed Blork the orc
  4897 | D:5      | Reached skill level 11 in Long Blades
  5254 | D:5      | Noticed Grinder
  5258 | D:5      | Paralysed by Grinder for 4 turns
  5277 | D:5      | Killed Grinder
  5277 | D:5      | Reached XP level 8. HP: 50/64 MP: 7/7
  5604 | D:5      | Found a runed door.
  5792 | D:5      | Noticed Duvessa
  5793 | D:5      | Noticed Dowan
  5808 | D:5      | Killed Duvessa
  5808 | D:5      | Reached skill level 12 in Long Blades
  5818 | D:5      | Killed Dowan
  5912 | D:5      | Noticed Crazy Yiuf
  5918 | D:5      | Killed Crazy Yiuf
  6012 | D:6      | Got a polished dagger
  6156 | D:6      | Reached skill level 13 in Long Blades
  6529 | D:6      | Reached XP level 9. HP: 64/70 MP: 8/8
  6583 | D:6      | Reached skill level 14 in Long Blades
  6640 | D:6      | Reached skill level 1 in Dodging
  6735 | D:6      | Found a shimmering altar of Xom.
  6855 | D:6      | Got a distressingly furry ring mail
  6866 | D:6      | Identified the cursed +0 ring mail of the Disturbing Lies
                  | {MR+ Str+2 Dex+4 Slay+2} (You found it on level 6 of the
                  | Dungeon)
  6901 | D:7      | Found a staircase to the Ecumenical Temple.
  6909 | Temple   | Entered the Ecumenical Temple
  6946 | Temple   | Became a worshipper of the Shining One
  7309 | D:7      | Reached skill level 1 in Invocations
  7645 | D:7      | Found an ancient bone altar of Kikubaaqudgha.
  8123 | D:8      | Reached skill level 5 in Fighting
  8123 | D:8      | Reached skill level 5 in Armour
  8123 | D:8      | Reached skill level 5 in Shields
  8563 | D:8      | Reached XP level 10. HP: 33/81 MP: 11/11
  9300 | D:8      | Reached * piety under the Shining One
  9906 | D:9      | HP: 1/83 [yak (15)]
 10947 | D:9      | Found an opulent altar of Gozag.
 11199 | D:10     | Entered Level 10 of the Dungeon
 11247 | D:10     | Noticed a cyclops
 11271 | D:10     | Killed a cyclops
 11271 | D:10     | Reached skill level 5 in Dodging
 11631 | D:10     | Found a staircase to the Orcish Mines.
 11880 | D:10     | Reached ** piety under the Shining One
 11990 | D:10     | Noticed a gargoyle
 12003 | D:10     | Killed a gargoyle
 12191 | D:11     | Reached skill level 5 in Invocations
 12219 | D:11     | Reached XP level 11. HP: 90/92 MP: 13/13
 12253 | D:11     | Noticed a death yak
 12279 | D:11     | Noticed a death yak
 12286 | D:11     | Killed a death yak
 12300 | D:11     | Mangled by a death yak

Vault maps used:
D:1:      tarquinn_simple_flora_water_e, minmay_tetromino_s2
D:3:      lemuel_round_altar, chequers_ecumenical_altar_simple_redux, uniq_robin
D:4:      minmay_goblin_kobold_castle, kennysheep_ying_yang,
          grunt_temple_overflow_open, serial_shops, shop,
          nicolae_shop_window_shopping, shop, serial_glass, glass_columns_c,
          glass_columns_a, minmay_splitting_lines,
          chequers_serial_rivers_micro_e
D:5:      first_ration, minivault_27, uniq_blork_the_orc, uniq_duvessa,
          uniq_grinder, uniq_crazy_yiuf_cottage
D:6:      kb_xom_exploding_sheep
D:7:      kiku_gazebo_garden_becter, minmay_temple_entry_hall,
          grunt_ministairs_15, grunt_ogre_cave, chequers_serial_rivers_micro_d
D:8:      hangedman_incinerator
D:9:      grunt_gozag_breadcrumbs
D:10:     hiddenorc1_lemuel, lemuel_old_faithful
D:11:     minmay_razor_zed, dpeg_lair_monsters
Temple:   oiseaux_autumnal_temple

Skill      XL: |  1  2  3  4  5  6  7  8  9 10 11 |
---------------+----------------------------------+-----
Long Blades    | 3 4 5 6 8 9 11 13 14 | 14.0
Dodging        | 3 5 6 |  6.0
Shields        | 5 7 |  7.6
Fighting       | 5 7 |  7.6
Armour         | 5 7 |  7.7
Invocations    | 2 5 |  5.3

Action                   |  1- 3 |  4- 6 |  7- 9 | 10-12 || total
-------------------------+-------+-------+-------+-------++-------
Melee: Long sword        |   146 |   207 |   429 |   247 ||  1029
       Headbutt          |    18 |    40 |    68 |    75 ||   201
Invok: Divine Shield     |       |       |       |     1 ||     1
  Use: Scroll            |     4 |     5 |     6 |     3 ||    18
       Potion            |       |       |       |     2 ||     2
  Eat: Chunk             |     1 |     9 |    11 |    13 ||    34
       Ration            |       |       |     1 |       ||     1
Armor: Scale mail        |    17 |       |       |       ||    17
       Plate armour      |    95 |    93 |   176 |       ||   364
       Ring mail         |       |       |    21 |    52 ||    73
Dodge: Dodged            |    31 |    37 |    89 |    85 ||   242
Block: Shield            |    85 |    78 |   205 |   130 ||   498
       Rpst.: Long sword |     9 |    12 |    23 |    23 ||    67

Table legend:
 A = Non-vault XP
 B = Vault XP
 C = Vault XP percentage of total XP
 D = Non-vault monster count
 E = Vault monster count
 F = Vault count percentage of total count
                 A         B        C        D         E       F
            +---------+---------+-------+---------+---------+-------
      Total |    8898 |    3634 |  29.0 |     212 |      96 |  31.2
            +---------+---------+-------+---------+---------+-------
        D:1 |      32 |       2 |   5.9 |      18 |       2 |  10.0
        D:2 |      71 |       0 |   0.0 |      27 |       0 |   0.0
        D:3 |     177 |      36 |  16.9 |      31 |      12 |  27.9
        D:4 |     370 |     385 |  51.0 |      20 |      49 |  71.0
        D:5 |     370 |     646 |  63.6 |       7 |       5 |  41.7
        D:6 |    1354 |       0 |   0.0 |      30 |       0 |   0.0
        D:7 |     656 |     233 |  26.2 |      10 |       2 |  16.7
        D:8 |     724 |    1034 |  58.8 |      18 |       7 |  28.0
        D:9 |    2039 |       0 |   0.0 |      25 |       0 |   0.0
       D:10 |    2357 |     290 |  11.0 |      13 |      17 |  56.7
       D:11 |     748 |    1008 |  57.4 |      13 |       2 |  13.3
            +---------+---------+-------+---------+---------+-------
